← All builds
Suicide front / Armada / Factory first / OBSERVED BUILD

Standard suicide front

Armada Suicide front build order · Supreme Isthmus

The role's standard play: bot lab first, Rocketeer/Centurion/Pawn based force pushes into the middle to contest and hold it until T2 arrives.

Usually lab first (63%)

#rush #push · 1309 distinct matches · 127 players · 71% of Armada Suicide front games · team won 59% of 1550 · Recently observed

HOW TO PLAY IT

Key timing: Bot Lab by 0:20

  1. Open with mex and wind, drop Bot Lab immediately.
  2. Push out first "Centurion" as Pond's boost lands.
  3. Send "Rocketeer", "Centurion", "Pawn" mix to contest middle.
  4. Add Dragon's Teeth and Sentries to hold the line.
  5. Get Advanced Metal Extractor up as T2 nears.

Phase by phase

TYPICAL OF ITS 1309 GAMES
  1. 1
  2. 2
  3. 3
PLAY THE OPENING

Follow the example game's first 6:00 step by step: what to build now, what comes next, and where it goes. At 1× it keeps pace with your own game.

  1. 1

    Bot Lab first

    Order
    1. Bot LabBot Lab done ~0:20, middle half 0:20–0:33

    Some games also: mex (37%)

  2. 2

    Bot Lab to 5:00

    Economy
    • Metal Extractor5Mex
    • Wind Turbine4Wind
    Builders
    • Construction Bot3 Con bot
    • Lazarus2 Lazarus
    Army
    • Sentry4 Sentry
    • Rocketeer17 Rocketeer
    • Tick2 Tick
    • Centurion1 Centurion
    Other
    • Radar Tower1 Radar Tower

    Some games also: con turret (35%) · pawn (33%)

    By 5:00 in all: 5 mex · 4 wind

    The example game in this phase · 22 steps
    1. TickTick ×3
    2. Construction BotCon bot
    3. LazarusLazarus
    4. Construction BotCon bot
    5. Mex
    6. CenturionCenturion
    7. Mex
    8. RocketeerRocketeer ×2
    9. CenturionCenturion
    10. RocketeerRocketeer ×2
    11. CenturionCenturion
    12. RocketeerRocketeer ×2
    13. CenturionCenturion
    14. Mex
    15. RocketeerRocketeer ×2
    16. CenturionCenturion
    17. SentrySentry
    18. RocketeerRocketeer
    19. Construction BotCon bot
    20. Mex
    21. SentrySentry
    22. Construction BotCon bot
  3. 3

    5:00 to 10:00

    Economy
    • Metal Extractor1Mex
    • Wind Turbine17Wind
    Builders
    • Construction Turret2 Con turret
    • Lazarus2 Lazarus
    • Construction Bot1 Con bot
    Army
    • Sentry1 Sentry
    • Rocketeer8 Rocketeer
    • Pawn1 Pawn

    Some games also: tick (47%) · Radar Tower (46%) · energy storage (46%) · centurion (45%) · Beamer (39%)

    By 10:00 in all: 6 mex · 23 wind · 1 energy storage · 3 con turret

    The example game in this phase · 93 steps
    1. RocketeerRocketeer ×3
    2. CenturionCenturion
    3. Con turret
    4. RocketeerRocketeer ×4
    5. LazarusLazarus
    6. CenturionCenturion
    7. LazarusLazarus
    8. Wind
    9. LazarusLazarus
    10. Wind ×4
    11. PawnPawn
    12. Wind
    13. Converter
    14. PawnPawn
    15. Converter
    16. Mex
    17. PawnPawn ×2
    18. Converter
    19. Advanced Metal ExtractorT2 mexdone 10:06 · typical 9:36
    20. PawnPawn ×2
    21. Wind
    22. PawnPawn
    23. Wind
    24. LazarusLazarus
    25. Wind
    26. PawnPawn
    27. Wind
    28. PawnPawn
    29. Wind
    30. PawnPawn ×2
    31. Wind
    32. PawnPawn ×2
    33. Wind
    34. PawnPawn
    35. Wind
    36. PawnPawn ×2
    37. Advanced Metal ExtractorT2 mex
    38. Wind
    39. PawnPawn ×2
    40. Wind
    41. PawnPawn ×2
    42. Wind
    43. PawnPawn
    44. SharpshooterSniper botdone 10:42
    45. PawnPawn
    46. Wind
    47. PawnPawn ×2
    48. Wind
    49. PawnPawn ×2
    50. Wind
    51. PawnPawn
    52. TickTick
    53. Advanced Metal ExtractorT2 mex
    54. TickTick
    55. Wind
    56. TickTick
    57. Energy storage
    58. TickTick ×5
    59. Wind
    60. TickTick
    61. Construction BotCon bot
    62. Wind
    63. Construction BotCon bot
    64. Con turret
    65. Wind
    66. Cloakable Fusion ReactorCloakable Fusion Reactornot finished by 15:00
    67. TickTick
    68. Wind
    69. TickTick ×3
    70. Wind
    71. TickTick ×5
    72. Wind
    73. TickTick ×6
    74. Wind
    75. TickTick ×6
    76. Wind
    77. TickTick ×5
    78. PawnPawn
    79. Wind
    80. PawnPawn ×2
    81. Wind
    82. PawnPawn ×3
    83. Wind
    84. PawnPawn ×3
    85. Wind
    86. PawnPawn ×3
    87. Wind
    88. PawnPawn ×5
    89. Wind
    90. PawnPawn ×2
    91. Wind
    92. PawnPawn
    93. Wind ×2

Counts are medians over the build's games: half of them build more, half fewer. The example game is Nosohvost's (37 OS, 23/08/2026); pick another.

Team trades

IN AT LEAST 30% OF ITS GAMES

You hand over

Nothing regular.

You get

  • Tidal Generator4 Tidal from Pondfirst at 0:10 · in 69% of games
  • Advanced Construction Bot1 T2 con bot from Geo or Techfirst at 7:30 · in 59% of games

How it plays out

Typical game of this build, running totals by minute

Metal produced

010k20k30k
0:005:0010:0015:00

metal

Enemy metal destroyed

05k10k
0:005:0010:0015:00

metal

Own metal lost

05k10k
0:005:0010:0015:00

metal

1550 games.

Show as table
ByMetal produced: This buildEnemy metal destroyed: This buildOwn metal lost: This build
1:0022600
2:0088900
3:002051180106
4:003161660496
5:00424314171026
6:00543423001787
7:00667231752706
8:00792440303613
9:00931647974495
10:001069854325318
11:001225359116059
12:001410665186829
13:001622670297536
14:001809577098373
15:002043283489240
WHAT THE NUMBERS SAY

Standard suicide front play wins slightly more than half its games with fast kills but also fast losses, matching the raw grind of the role.

  • + First kill lands by 2:04 in all games
  • + Metal produced reaches 19882 by 15:00
  • − Own metal lost hits 9208 by 15:00, near metal destroyed of 8172
  • − First unit lost as early as 2:08 in every game
THE EXAMPLE YOU ARE READING

Nosohvost

36.7 OS · 23/08/2026

Open source match ↗

6 received units · includes a constructor
238 metal received · 19101 energy received

Allied construction assistance is unknown. Timings are observations, not a promise of solo reproducibility.

Typical milestones

Bot Lab0:20Middle 50%: 0:20–0:33 · n=1543
Advanced Metal Extractor9:36Middle 50%: 8:42–10:48 · n=1143

Played most by

_X_253games of this buildPlatinumBlonde181games of this buildXad127games of this buildImmort74games of this buildwatermeloans60games of this build